 Dungeon Crawl Stone Soup version 0.22-a0-834-g05cf915 (webtiles) character file.

2886 belegose the Ruffian (level 9, -5/88 HPs)
             Began as a Troll Wizard on July 25, 2018.
             Was a Follower of Makhleb.
             Slain by Pikel the basilisk (shapeshifter) (10 damage)
             ... on level 7 of the Dungeon.
             The game lasted 00:20:45 (6923 turns).

belegose the Ruffian (Troll Wizard)                 Turns: 6923, Time: 00:20:46

Health: -5/88      AC:  5    Str: 18    XL:     9   Next: 48%
Magic:  11/11      EV: 11    Int: 16    God:    Makhleb [*.....]
Gold:   394        SH:  6    Dex:  8    Spells: 12/12 levels left

rFire    x . .     SeeInvis .     - Unarmed
rCold    + . .     Gourm    +   (no shield)
rNeg     . . .     Faith    .   a - +0 robe
rPois    .         Spirit   .   D - +0 hat
rElec    .         Reflect  +   (no cloak)
rCorr    .         Harm     .   (gloves unavailable)
MR       .....                  (boots unavailable)
Stlth    +.........             c - +6 amulet of reflection
HPRegen  0.64/turn              B - ring of ice
MPRegen  0.12/turn              (no ring)

@: no status effects
A: large, unfitting armour, claws 3, fast metabolism 3, gourmand, regeneration
1, shaggy fur 1, tough skin 2
a: Renounce Religion


You were on level 7 of the Dungeon.
You worshipped Makhleb.
Makhleb was aware of your devotion.
You were full.

You visited 2 branches of the dungeon, and saw 8 of its levels.
You also visited: Sewer.

You collected 394 gold pieces.

Inventory:

Hand Weapons
 b - the +8 arbalest of the Beast {velocity, MR+ Str+3 Int-5}
   (You found it on level 5 of the Dungeon)

   Any bolt fired from it inflicts extra damage.
   It affects your strength (+3).
   It affects your intelligence (-5).
   It affects your resistance to hostile enchantments.
 s - a +0 blowgun
 x - a +0 trident
 L - a +1 hand axe of venom
 M - a +3 battleaxe
Missiles
 e - 122 stones (quivered)
 t - 35 poisoned needles
 z - 2 throwing nets
 E - 69 bolts
Armour
 a - a +0 robe (worn)
 D - a +0 hat (worn)
Jewellery
 c - a +6 amulet of reflection (around neck)
 h - an uncursed amulet of magic regeneration
 B - a ring of ice (left claw)
Wands
 f - a wand of polymorph (9)
 g - a wand of digging (8)
 A - a wand of iceblast (6)
 G - a wand of clouds (4)
Scrolls
 j - a scroll of noise {unknown}
 m - 2 scrolls of amnesia
 n - 2 scrolls of fear {unknown}
 o - 5 scrolls of teleportation
 q - a scroll of remove curse
 u - a scroll of identify
 y - a scroll of immolation {unknown}
 F - 2 scrolls of magic mapping {unknown}
 J - a scroll of vulnerability {unknown}
 K - a scroll of silence {unknown}
Potions
 i - 3 potions of agility
 k - 4 potions of curing
 l - 2 potions of brilliance
 p - a potion of degeneration
 r - a potion of heal wounds
 v - a potion of might
 w - 4 potions of flight
 C - 2 potions of mutation {unknown}
 H - a potion of lignification {unknown}
Comestibles
 d - 22 rations


   Skills:
 + Level 5.3 Fighting
 + Level 1.4 Axes
 + Level 5.7 Dodging
 - Level 1.0 Stealth
 - Level 6.1 Unarmed Combat
 - Level 2.0 Spellcasting
   Level 0.6 Conjurations
   Level 0.6 Summonings
   Level 0.6 Translocations
 + Level 3.7 Invocations
 + Level 3.3 Evocations


You had 12 spell levels left.
You didn't know any spells.
Your spell library contained the following spells:

 Spells                   Type           Power        Failure   Level  Hunger
 Magic Dart               Conj           #...         16%         1    #......
 Conjure Flame            Conj/Fire      #.......     50%         3    ###....
 Slow                     Hex            #.......     30%         2    ###....
 Mephitic Cloud           Conj/Pois/Air  #.......     50%         3    ###....
 Blink                    Tloc           N/A          24%         2    ###....
 Call Imp                 Summ           #.......     24%         2    ###....


Dungeon Overview and Level Annotations

Branches:
Dungeon (7/15)             Temple (1/1) D:4

Altars:
Ashenzari
Cheibriados
Dithmenos
Elyvilon
Fedhas
Gozag
Kikubaaqudgha
Makhleb
Nemelex Xobeh
Okawaru
Qazlal
Ru
Sif Muna
Trog
Uskayaw
Vehumet
Wu Jian
Xom
Yredelemnul
Zin
The Shining One

Annotations:
D:4 holliwood's ghost, amateur OpIE
D:7 exclusion: lava snake, Pikel


Innate Abilities, Weirdness & Mutations

You are too large for most types of armour.
You have claws for hands.
Your metabolism is lightning-fast.
You like to eat raw meat.
Your natural rate of healing is unusually fast.
You are covered in fur. (AC +1)
You have very tough skin. (AC +2)


Message History

Pikel is moderately wounded.
Pikel gazes at you. You resist with some effort.
You claw Pikel!
Pikel is severely wounded.
Pikel bites you!
* * * LOW HITPOINT WARNING * * *
You barely miss Pikel.
Pikel is severely wounded.
You barely miss Pikel.
Pikel is severely wounded.
Pikel bites you!
* * * LOW HITPOINT WARNING * * *
You closely miss Pikel.
Pikel is severely wounded.
You block Pikel's attack.
You closely miss Pikel.
Pikel is severely wounded.
Pikel bites you!
You die...

#......#
#.#.#########
##.####.# #.#.#
#...###.### #.#.#
#####...>..#..#
#.#.# .
#.........#.#.#
#.#.# .
#.#.......#.#[##
#.#.# .
#.....<....#[###.#.#
##.
###...#(..###....#.#
#.p #...#.#.[#@#####


#Kp #......<...l.# ##.# #..##.##...#.# #p<. #.. #.##...#.# .......#. #..
.......# # ######. . ...........# ## # #####...###.# ##.## #.# #. #.# You could
see Pikel the basilisk.

Vanquished Creatures
  Joseph (D:7)
  2 ice beasts
  A sky beast (D:6)
  4 slaves
  An orc warrior (D:7)
  An ogre (D:7)
  4 phantoms
  2 centaurs
  A big kobold (D:5)
  4 bullfrogs
  2 scorpions
  A howler monkey (D:5)
  5 wights (D:6)
  A crimson imp (D:5)
  A centaur zombie (D:6)
  3 hounds
  2 bullfrog skeletons
  4 orc wizards
  2 centaur skeletons (D:6)
  6 worker ants
  2 iguanas (D:6)
  3 hound skeletons
  Robin (D:2)
  9 adders
  3 gnolls (D:6)
  A shadow imp (D:6)
  An ooze (D:3)
  2 adder zombies (D:6)
  2 adder skeletons (D:5)
  3 worms (D:2)
  3 dart slugs
  4 leopard geckos
  21 orcs
  4 giant cockroaches
  15 goblins
  11 hobgoblins
  A jackal (D:4)
  28 kobolds
  6 quokkas
  2 ball pythons (Sewer)
  16 bats
  7 frilled lizards
  A jackal zombie (D:5)
  7 rats
  A plant (Sewer)
202 creatures vanquished.

Vanquished Creatures (others)
  An orc wizard (D:4)
  An orc (D:6)
2 creatures vanquished.

Grand Total: 204 creatures vanquished

Notes
Turn   | Place    | Note
-------+----------+-------------------------------------------
     0 | D:1      | belegose the Troll Wizard began the quest for the Orb.
     0 | D:1      | Reached XP level 1. HP: 16/16 MP: 2/2
   432 | D:1      | Reached XP level 2. HP: 26/26 MP: 4/4
   474 | D:1      | Reached skill level 1 in Unarmed Combat
   660 | D:1      | Found a shimmering altar of Xom.
   682 | D:1      | Reached skill level 1 in Fighting
   933 | D:1      | You fall through a shaft!
   938 | D:2      | Reached XP level 3. HP: 33/33 MP: 5/5
  1159 | D:2      | Noticed a scorpion
  1167 | D:2      | Killed a scorpion
  1167 | D:2      | Reached skill level 2 in Unarmed Combat
  1167 | D:2      | Reached XP level 4. HP: 36/42 MP: 6/6
  1383 | D:2      | Reached XP level 5. HP: 48/49 MP: 7/7
  1662 | D:2      | Noticed Robin
  1718 | D:2      | Killed Robin
  2006 | D:3      | Reached skill level 3 in Unarmed Combat
  2379 | D:3      | Reached XP level 6. HP: 55/59 MP: 8/8
  2414 | D:3      | Found an ornate altar of the Wu Jian Council.
  2549 | D:4      | Found a glowing drain.
  2632 | Sewer    | Entered a sewer
  3030 | D:4      | Noticed an ice beast
  3062 | D:4      | Killed an ice beast
  3203 | D:4      | Found a staircase to the Ecumenical Temple.
  3238 | D:4      | Reached skill level 4 in Unarmed Combat
  3238 | D:4      | Reached XP level 7. HP: 54/67 MP: 9/9
  3293 | D:4      | Found a glowing golden altar of the Shining One.
  3737 | D:4      | Found a runed gate.
  3739 | D:4      | Found a runed gate.
  3739 | D:4      | Found a runed gate.
  3739 | D:4      | Noticed holliwood's ghost (amateur OpIE)
  3832 | D:4      | Reached skill level 1 in Evocations
  3896 | Temple   | Entered the Ecumenical Temple
  4136 | Temple   | Became a worshipper of Makhleb the Destroyer
  4216 | D:5      | Entered Level 5 of the Dungeon
  4342 | D:5      | Reached skill level 5 in Unarmed Combat
  4342 | D:5      | Reached XP level 8. HP: 71/78 MP: 10/10
  4373 | D:5      | Reached skill level 1 in Invocations
  4565 | D:5      | Got a blackened arbalest
  4569 | D:5      | Identified the +8 arbalest of the Beast {velocity, MR+ Str+3 Int-5} (You found it on level 5 of the Dungeon)
  5193 | D:6      | Reached * piety under Makhleb
  5340 | D:6      | Reached skill level 5 in Dodging
  5563 | D:6      | Reached XP level 9. HP: 67/87 MP: 11/11
  5593 | D:6      | Reached skill level 6 in Unarmed Combat
  5639 | D:7      | Reached skill level 5 in Fighting
  6030 | D:6      | Found a deep blue altar of Sif Muna.
  6107 | D:7      | Noticed Pikel
  6438 | D:7      | Noticed Joseph
  6467 | D:7      | Killed Joseph
  6467 | D:7      | Reached skill level 1 in Axes
  6615 | D:7      | Noticed Pikel
  6615 | D:7      | Pikel changed into Pikel the hornet
  6617 | D:7      | Noticed Pikel
  6617 | D:7      | Pikel the hornet changed into Pikel the black mamba
  6618 | D:7      | Noticed Pikel
  6618 | D:7      | Pikel the black mamba changed into Pikel the shapeshifter
  6619 | D:7      | Pikel the shapeshifter changed into something unseen
  6913 | D:7      | HP: 3/88 [something (3)]
  6914 | D:7      | Noticed Pikel
  6921 | D:7      | HP: 3/88 [Pikel the basilisk (shapeshifter) (15)]
  6923 | D:7      | Slain by Pikel the basilisk (shapeshifter)

Vault maps used:
D:1:      lightli_arrival_quake, xom_teletrap_fun
D:2:      first_ration, uniq_robin
D:3:      old_standard_altar
D:4:      nicolae_overflow_crystal_walls, minmay_temple_entry_statues_pillars,
          gup_sewer_entry_glass, gammafunk_ghost_necromancy, minmay_quantized
D:6:      lemuel_blue_sif_altar
D:7:      grunt_ogre_cave, nicolae_lava_and_water, uniq_pikel, uniq_joseph
Temple:   dpeg_five_rooms_temple
Sewer:    kennysheep_pipe_town

Skill      XL: |  1  2  3  4  5  6  7  8  9 |
---------------+----------------------------+-----
Unarmed Combat | 1 2 3 4 5 6 |  6.1
Dodging        | 2 3 4 5 |  5.7
Fighting       | 1 2 3 4 5 |  5.3
Evocations     | 1 2 3 |  3.3
Invocations    | 2 3 |  3.7
Axes           | 1 |  1.4
Stealth        | |  1.0
Spellcasting   | |  2.0
Conjurations   | |  0.6
Summonings     | |  0.6
Translocations | |  0.6

Action                   |  1- 3 |  4- 6 |  7- 9 || total
-------------------------+-------+-------+-------++-------
Melee: Unarmed           |   102 |   315 |   320 ||   737
       Punch             |       |     1 |     4 ||     5
       Battleaxe         |       |       |    58 ||    58
       Hand axe          |       |       |    10 ||    10
 Fire: Arbalest          |       |       |    13 ||    13
Evoke: Wand              |       |       |     4 ||     4
  Use: Potion            |       |     9 |     1 ||    10
       Scroll            |       |       |     7 ||     7
 Stab: Sleeping          |     2 |     1 |       ||     3
  Eat: Chunk             |    16 |    18 |    30 ||    64
       Ration            |       |       |     1 ||     1
Armor: Robe              |    24 |    77 |    74 ||   175
Dodge: Dodged            |    40 |   125 |   166 ||   331
Block: Other             |    25 |    83 |    81 ||   189
       Reflection        |     1 |     3 |     4 ||     8

Table legend:
 A = Spawn XP
 B = Non-spawn XP
 C = Spawn XP percentage of total XP
 D = Spawn monster count
 E = Non-spawn monster count
 F = Spawn count percentage of total count
 G = Total turns spent on level
                    A         B        C        D         E        F      G
               +---------+---------+-------+---------+---------+-------+---------
         Total |       0 |    4124 |   0.0 |       0 |     199 |   0.0 |  6923
               +---------+---------+-------+---------+---------+-------+---------
           D:1 |       0 |      38 |   0.0 |       0 |      23 |   0.0 |   933
           D:2 |       0 |     213 |   0.0 |       0 |      40 |   0.0 |   962
           D:3 |       0 |     138 |   0.0 |       0 |      29 |   0.0 |   680
           D:4 |       0 |     840 |   0.0 |       0 |      23 |   0.0 |  1062
           D:5 |       0 |     494 |   0.0 |       0 |      16 |   0.0 |   689
           D:6 |       0 |    1182 |   0.0 |       0 |      36 |   0.0 |  1244
           D:7 |       0 |    1188 |   0.0 |       0 |       8 |   0.0 |   685
         Sewer |       0 |      31 |   0.0 |       0 |      24 |   0.0 |   398
               +---------+---------+-------+---------+---------+-------+---------
